 Dungeon Sprint DCSS version 0.31-a0-986-g5e6e4ef867 (webtiles) character file.

Game seed: 8497167795482761605

1659 rocky1 the Martial Artist (level 9, -5/63 HPs)
             Began as a Djinni Shapeshifter on Nov 13, 2023.
             Was an Initiate of Gozag.
             Slain by Erolcha
             ... wielding a +0 giant club
              (43 damage)
             ... in the Dungeon (Sprint III: "The Ten Rune Challenge").
             The game lasted 00:03:54 (1795 turns).

rocky1 the Martial Artist (Djinni Shapeshifter)     Turns: 1795, Time: 00:03:54

Health: -5/63      AC:  4    Str: 19    XL:     9   Next: 20%
Gold:   864        EV: 15    Int: 11    God:    Gozag SH:  0 Dex: 14

rFire   + +          .
                       - Unarmed
rCold   x . .        (shield currently unavailable)
rNeg    . . .        a - +0 animal skin
rPois   ∞            (no helmet)
rElec   .            (no cloak)
rCorr   .            (no gloves)
SInv    .            (boots unavailable)
Will    +....        (no amulet)
Stlth   +            (no ring)
HPRegen 0.30/turn    (no ring)
MPRegen 0.00/turn

%: no teleportation, infuse magic (-6 HP)
@: flux-form, flying, glowing
A: glow, contaminating, flying, sickness immunity, fire resistance 2, cold
vulnerability 1, float, innate caster, HP casting, extra vitality 1, iridescent
scales 1, strong-willed 1, strong 1, wild magic 1
a: Begin Untransformation, Renounce Religion, Potion Petition, Call Merchant,
Bribe Branch


You were in the Dungeon.
You worshipped Gozag.
Gozag was pleased with you.
You were something dangerously unstable.
You visited 1 branch You collected 864 gold pieces.

Inventory:

Armour
 a - a +0 animal skin (worn)
Talismans
 c - a beast talisman
 d - a flux talisman (active)
Wands
 b - a wand of charming (3)
Scrolls
 i - a scroll of blinking
 j - 3 scrolls of brand weapon {unknown}
 l - a scroll of immolation {unknown}
 m - a scroll of identify {unknown}
 o - a scroll of torment {unknown}
 p - a scroll of enchant armour {unknown}
Potions
 e - a potion of curing
 f - 2 potions of heal wounds
 h - a potion of berserk rage
 k - 5 potions of mutation
 n - a potion of enlightenment {unknown}
 q - a potion of resistance {unknown}


   Skills:
 + Level 4.7 Fighting
 + Level 6.8 Dodging
 - Level 4.4 Stealth
 + Level 14.2 Unarmed Combat
 - Level 0.2 Evocations
 + Level 9.0 Shapeshifting


You knew the following spells:

 Your Spells              Type           Power      Damage    Failure   Level
a - Freeze                Ice            0%         1d3       43%         1
b - Lesser Beckoning      Tloc           0%         N/A       56%         2
c - Swiftness             Air            0%         N/A       78%         3
d - Summon Lightning Spi  Summ/Air       0%         N/A       99%         4
Your spell library was empty.

Dungeon Overview and Level Annotations

Branches:
Dungeon (1/1)

Altars:
Cheibriados
Dithmenos
Elyvilon
Fedhas
Gozag
Hepliaklqana
Makhleb
Nemelex Xobeh
Okawaru
Qazlal
Ru
Trog
Uskayaw
Wu Jian
Xom
Yredelemnul
Zin
The Shining One
Jiyva
Lugonu

Annotations:
D Erolcha


Innate Abilities, Weirdness & Mutations

You are something dangerously unstable.
You glow with magical radiation, making you easy to see and hit.
Foes you strike become dangerously contaminated with magical radiation.
You are flying.
You are incapable of wielding weapons or throwing items.
You are immune to sickness and miasma.
You are immune to poison.
Your flesh is very heat resistant. (rF++)
You are vulnerable to cold. (rC-)
You float through the air rather than walking.
You learn spells naturally, not from books.
Your magical power is your life essence.
You have superior vitality. (+4 MHP)
You are partially covered in iridescent scales. (AC +2)
You are strong-willed. (Will+)
Your muscles are strong. (Str +4, Int/Dex -1)
Your spells are a little harder to cast, but a little more powerful.


Message History

The two-headed ogre hits you with a +0 dire flail!
The two-headed ogre completely misses you.
You punch the two-headed ogre!
The two-headed ogre shudders as magic cascades through it!!
The two-headed ogre twists and deforms.
The two-headed ogre is severely wounded.
You punch the two-headed ogre!
The two-headed ogre begins to glow.
The two-headed ogre is almost dead.
The two-headed ogre hits you with a +0 dire flail!
The two-headed ogre hits you with a +0 giant club!
You hit the two-headed ogre.
You kill the two-headed ogre!
Your Unarmed Combat skill increases to level 14!
Your Shapeshifting skill increases to level 9!
Unknown command.
Unknown command.
You now have enough gold to fund merchants seeking to open stores in the dungeon.
You now have 864 gold pieces (gained 162).
Things that are here:
a +0 dire flail; a +0 giant club You start resting.
HP restored.
Things that are here:
a +0 dire flail; a +0 giant club Erolcha the Cunning comes into view.
She is wielding a +0 giant club and carrying a wand of iceblast.
Erolcha shouts!
You hear two shouts!
Erolcha casts a spell.
Erolcha flickers and vanishes!
Deactivating autopickup; reactivate with Ctrl-A.
A two-headed ogre comes into view. It is wielding two +0 giant clubs.
Okay, then.
Something hits you!!
You punch something!
Erolcha begins to glow.
Erolcha is lightly wounded.
You hit Erolcha but do no damage.
Erolcha glows dangerously bright.
Erolcha is lightly wounded.
Erolcha hits you with a +0 giant club!!!
Ouch! That really hurt!
You die...
Your body crumbles into a pile of gold.

##### _#__# )#._#
##)## ....# ....#
###'#
#...#+##############
#...#....#.#.#..pOO#
#...##.#..#.##)###.#
#...'##.#.#.##.# .##
'...#.).#..#..##.{
▓▓▓▓▓▓▓▓▓▓▓▓▓▓▓▓▓▓


You could see a two-headed ogre and Erolcha (invisible, heavy contam).

Vanquished Creatures
  A deep elf pyromancer (D)
  A shadow (D)
  A spatial vortex (D)
  3 two-headed ogres (D)
  A water elemental (D)
  A necrophage (D)
  A jelly (D)
  An arcanist (D)
  Jessica (D)
  A necromancer (D)
  A kobold demonologist (D)
  3 humans (D)
  A phantom (D)
  An endoplasm (D)
  2 rats (D)
20 creatures vanquished.

Notes
Turn   | Place    | Note
-------+----------+-------------------------------------------
     0 | D        | rocky1 the Djinni Shapeshifter began the quest for the Orb.
     0 | D        | Reached XP level 1. HP: 17/17 MP: 0/0
    37 | D        | Noticed Jessica
    52 | D        | Killed Jessica
    53 | D        | Reached skill level 4 in Unarmed Combat
    53 | D        | Reached XP level 2. HP: 14/22 MP: 0/0
    53 | D        | Reached XP level 3. HP: 18/27 MP: 0/0
    53 | D        | Learned a level 1 spell: Freeze
   271 | D        | Reached skill level 1 in Stealth
   271 | D        | Reached skill level 5 in Unarmed Combat
   433 | D        | Reached XP level 4. HP: 32/32 MP: 0/0
   452 | D        | Gained mutation: Armour fits poorly on your strangely
                  | shaped body. [potion of mutation]
   453 | D        | Lost mutation: Armour fits poorly on your strangely shaped
                  | body. [potion of mutation]
   453 | D        | Gained mutation: You are strong-willed. (Will+) [potion of
                  | mutation]
   453 | D        | Gained mutation: You are partially covered in iridescent
                  | scales. (AC +2) [potion of mutation]
   453 | D        | Gained mutation: Your spells are a little harder to cast,
                  | but a little more powerful. [potion of mutation]
   453 | D        | Gained mutation: Your muscles are strong. (Str +4, Int/Dex
                  | -1) [potion of mutation]
   455 | D        | Noticed a water elemental
   460 | D        | Killed a water elemental
   461 | D        | Reached skill level 6 in Unarmed Combat
   461 | D        | Reached skill level 5 in Shapeshifting
   461 | D        | Reached XP level 5. HP: 38/38 MP: 0/0
   461 | D        | Learned a level 2 spell: Lesser Beckoning
   637 | D        | Reached skill level 7 in Unarmed Combat
   642 | D        | Noticed a shadow
   646 | D        | Killed a shadow
   647 | D        | Reached skill level 9 in Unarmed Combat
   647 | D        | Reached XP level 6. HP: 45/45 MP: 0/0
   652 | D        | Found a blossoming altar of Fedhas.
   652 | D        | Found a stormy altar of Qazlal.
   652 | D        | Found a snail-covered altar of Cheibriados.
   652 | D        | Found a burning altar of Makhleb.
   652 | D        | Found a shimmering altar of Xom.
   652 | D        | Noticed a spatial vortex
   653 | D        | Found a hazy altar of Hepliaklqana.
   653 | D        | Found an opulent altar of Gozag.
   653 | D        | Found a sparkling altar of Nemelex Xobeh.
   653 | D        | Found a corrupted altar of Lugonu.
   653 | D        | Found a viscous altar of Jiyva.
   661 | D        | Became a worshipper of Gozag Ym Sagoz the Greedy
   666 | D        | Killed a spatial vortex
   667 | D        | Reached skill level 5 in Dodging
   667 | D        | Reached skill level 10 in Unarmed Combat
   667 | D        | Reached XP level 7. HP: 28/49 MP: 0/0
   667 | D        | Learned a level 3 spell: Swiftness
   951 | D        | Found a basalt altar of Yredelemnul.
   951 | D        | Found a shadowy altar of Dithmenos.
   951 | D        | Found a sacrificial altar of Ru.
  1170 | D        | Found a glowing silver altar of Zin.
  1170 | D        | Found a glowing golden altar of the Shining One.
  1170 | D        | Found a white marble altar of Elyvilon.
  1171 | D        | Noticed a deep elf pyromancer
  1174 | D        | Noticed a fire elemental
  1180 | D        | Killed a deep elf pyromancer
  1181 | D        | Reached skill level 12 in Unarmed Combat
  1181 | D        | Reached XP level 8. HP: 23/58 MP: 0/0
  1313 | D        | Found a hide-covered altar of Uskayaw.
  1313 | D        | Found an iron altar of Okawaru.
  1313 | D        | Found a bloodstained altar of Trog.
  1313 | D        | Found an ornate altar of the Wu Jian Council.
  1313 | D        | Noticed a human
  1313 | D        | Noticed a human
  1330 | D        | Killed a human
  1332 | D        | Killed a human
  1333 | D        | Reached skill level 13 in Unarmed Combat
  1481 | D        | Reached XP level 9. HP: 12/63 MP: 0/0
  1481 | D        | Learned a level 4 spell: Summon Lightning Spire
  1673 | D        | Noticed a two-headed ogre
  1701 | D        | Killed a two-headed ogre
  1702 | D        | Reached skill level 14 in Unarmed Combat
  1789 | D        | Noticed Erolcha
  1789 | D        | Noticed a two-headed ogre
  1795 | D        | Slain by Erolcha

Illustrated notes

Levels and vault maps discovered:
D:        dungeon_sprint_mu [sprint_mu_entry_cave, sprint_mu_temple_rooms,
          sprint_mu_d1_spiders, sprint_mu_d2_genie, sprint_mu_d3_branching,
          sprint_mu_orc_legion, sprint_mu_elf_gauntlet, sprint_mu_hive_nellie,
          sprint_mu_lair_fedhas, sprint_mu_vaults_butterflies,
          sprint_mu_slime_circle, sprint_mu_swamp_cave, sprint_mu_shoals_archi,
          sprint_mu_blade_basic, sprint_mu_crypt_fortress,
          sprint_mu_tomb_spiral, sprint_mu_vestibule_basic,
          sprint_mu_gehenna_hellfire, sprint_mu_dis_giant,
          sprint_mu_tartarus_statrot, sprint_mu_cocytus_islands, sprint_mu_zot1]

Skill      XL: |  1  2  3  4  5  6  7  8  9 |
---------------+----------------------------+-----
Shapeshifting  | 4 5 7 8 9 |  9.0
Unarmed Combat | 4 5 6 9 10 12 13 14 | 14.2
Dodging        | 3 4 5 6 |  6.8
Stealth        | 1 2 3 4 |  4.4
Fighting       | 2 3 4 |  4.7
Evocations     | |  0.2

Action                     |  1- 3 |  4- 6 |  7- 9 || total
---------------------------+-------+-------+-------++-------
  Melee: Unarmed           |    30 |    14 |    52 ||    96
         Punch             |       |     1 |     3 ||     4
  Evoke: Wand              |       |       |     2 ||     2
    Use: Potion            |       |     4 |       ||     4
   Stab: Sleeping          |     1 |     1 |       ||     2
 Armour: Animal skin       |    11 |     2 |    22 ||    35
         Skin              |       |     2 |       ||     2
  Dodge: Dodged            |    13 |     1 |    22 ||    36
   Form: Flux              |       |       |     1 ||     1

Table legend: (Time is in decaauts)
 A = Elapsed time spent in this place.
 B = Non-inter-level travel time spent in this place.
 C = Inter-level travel time spent in this place.
 D = Time resting spent in this place.
 E = Time spent auto-exploring this place.
 F = Levels seen in this place.
 G = Mean time per level.
                   A        B        C        D        E       F      G
               +--------+--------+--------+--------+--------+-----+--------+
         Total |   1764 |   1764 |      0 |   1407 |      0 |   1 | 1764.0 |
       Dungeon |   1764 |   1764 |      0 |   1407 |      0 |   1 | 1764.0 |
               +--------+--------+--------+--------+--------+-----+--------+

Top non-repeatable levels by time:
       D: 1764 daAuts
